 Dungeon Crawl Stone Soup version 0.22.1-6-g1668fe2c40 (webtiles) character file.

288 LabCoat the Shield-Bearer (level 6, 0/47 HPs)
             Began as a Human Fighter on Jan 23, 2019.
             Killed from afar by Blork the orc (3 damage)
             ... with a wand of flame (8)
             ... on level 4 of the Dungeon.
             The game lasted 00:28:19 (3952 turns).

LabCoat the Shield-Bearer (Human Fighter)           Turns: 3952, Time: 00:28:19

Health: 0/47       AC: 11    Str: 18    XL:     6   Next: 57%
Magic:  6/6        EV:  3    Int:  8    God:
Gold:   96         SH: 10    Dex: 13    Spells: 5/5 levels left

rFire    + . .     SeeInvis .   a - +0 flail
rCold    + . .     Gourm    .   c - +1 shield
rNeg     . . .     Faith    .   m - +0 plate armour
rPois    +         Spirit   .   (no helmet)
rElec    +         Reflect  .   (no cloak)
rCorr    +         Harm     .   (no gloves)
MR       .....                  (no boots)
Stlth    ..........             (no amulet)
HPRegen  0.15/turn              (no ring)
MPRegen  0.10/turn              (no ring)

@: resistant
A: no striking features
a: no special abilities


You were on level 4 of the Dungeon.
You were not hungry.

You visited 1 branch of the dungeon, and saw 4 of its levels.

You collected 96 gold pieces.

Inventory:

Hand Weapons
 a - a +0 flail (weapon)
 j - a +0 hunting sling
Missiles
 e - 50 sling bullets
 l - 2 javelins of returning (quivered)
 o - 35 poisoned needles
 r - 7 needles of confusion
Armour
 c - a +1 shield (worn)
 m - a +0 plate armour (worn)
Jewellery
 q - an uncursed ring of see invisible {unknown}
Wands
 g - a wand of iceblast (8)
Scrolls
 k - a scroll of remove curse
 p - a scroll of immolation {unknown}
Potions
 i - 2 potions of cancellation
Comestibles
 f - 3 rations


   Skills:
 + Level 3.4 Fighting
 * Level 3.7 Maces & Flails
 * Level 2.3 Slings
 + Level 0.1(1.3) Throwing
 + Level 3.6 Armour
 + Level 0.9 Dodging
 * Level 4.4 Shields


You had 5 spell levels left.
You didn't know any spells.
Your spell library was empty.

Dungeon Overview and Level Annotations

Branches:
Dungeon (4/15)
 Temple: D:4-7

Altars:
Hepliaklqana
Okawaru
Wu Jian

Annotations:
D:4 Blork the orc


Message History

You closely miss Blork the orc.
Blork the orc is severely wounded.
Blork the orc completely misses you.
The dart slug bites you but does no damage.
You hit Blork the orc.
Blork the orc is almost dead.
Blork the orc screams, "I'll decorate my home with your organs!"
Blork the orc casts a spell at you. The magic dart hits you!
The dart slug bites you but does no damage.
Blork the orc zaps a wand.
You block the puff of flame.
Your plate armour prevents you from hitting Blork the orc.
Blork the orc is almost dead.
Blork the orc is no longer moving quickly.
You block Blork the orc's attack. The dart slug barely misses you.
Blork the orc barely misses you.
Your plate armour prevents you from hitting Blork the orc.
Blork the orc is almost dead.
Blork the orc zaps a wand.
The puff of flame hits you! You resist.
You die...

#.#######
#......$....
#.......[...
#...........
#...........
#.........#
#...$.....#
#<...w...#
##..@o...#
#....(..#
#......(#
######+##


You could see Blork the orc and a dart slug.

Vanquished Creatures
  The ghost of iVAG the Conjurer, an amateur DrCj (D:3)
  An orc priest (D:3)
  7 adders
  An ooze (D:2)
  2 worms (D:2)
  A dart slug (D:3)
  A leopard gecko (D:1)
  8 orcs (D:3)
  5 goblins
  7 hobgoblins
  3 jackals (D:3)
  6 bats
  2 frilled lizards
  6 kobolds
  3 rats
54 creatures vanquished.

Notes
Turn   | Place    | Note
-------+----------+-------------------------------------------
     0 | D:1      | LabCoat the Human Fighter began the quest for the Orb.
     0 | D:1      | Reached XP level 1. HP: 18/18 MP: 1/1
   279 | D:1      | Reached XP level 2. HP: 24/24 MP: 2/2
   867 | D:2      | Reached XP level 3. HP: 7/29 MP: 3/3
  1015 | D:2      | Found a hazy altar of Hepliaklqana.
  1687 | D:2      | Reached XP level 4. HP: 33/35 MP: 4/4
  2103 | D:3      | Found a large runed door.
  2103 | D:3      | Found a large runed door.
  2106 | D:3      | Noticed iVAG's ghost (amateur DrCj)
  2223 | D:3      | Found an ornate altar of the Wu Jian Council.
  2267 | D:3      | Reached skill level 1 in Slings
  2403 | D:3      | Found an iron altar of Okawaru.
  2657 | D:3      | Reached XP level 5. HP: 41/41 MP: 5/5
  2963 | D:3      | Reached skill level 4 in Shields
  3804 | D:3      | Killed iVAG's ghost
  3804 | D:3      | Reached XP level 6. HP: 36/47 MP: 6/6
  3925 | D:4      | Noticed Blork the orc
  3952 | D:4      | Killed from afar by Blork the orc

Skill      XL: |  1  2  3  4  5 |
---------------+----------------+-----
Slings         | 1 2 |  2.3
Maces & Flails | 3 |  3.7
Shields        | 4 |  4.4
Fighting       | |  3.4
Throwing       | |  0.1
Armour         | |  3.6
Dodging        | |  0.9

Action                   |  1- 3 |  4- 6 || total
-------------------------+-------+-------++-------
Melee: Flail             |    99 |   219 ||   318
 Fire: Hunting sling     |       |    27 ||    27
  Use: Scroll            |     6 |     1 ||     7
       Potion            |     1 |     3 ||     4
  Eat: Ration            |     1 |     2 ||     3
       Chunk             |       |     2 ||     2
Armor: Scale mail        |    37 |       ||    37
       Chain mail        |    14 |    31 ||    45
       Plate armour      |       |   108 ||   108
Dodge: Dodged            |    22 |    32 ||    54
Block: Shield            |    59 |   137 ||   196
